 Dungeon Crawl Stone Soup version 0.31-a0-40-g1d5085d191 (webtiles) character file.

Game seed: 15557168011870948281

708096 frimble the Wrestler (level 27, -7/228 HPs)
             Began as a Gnoll Reaver on May 17, 2023.
             Was the Champion of Cheibriados.
             Killed from afar by a Hell Sentinel (36 damage)
             ... with damnation
             ... on level 17 of a ziggurat.
             The game lasted 02:01:16 (58108 turns).

frimble the Wrestler (Gnoll Reaver)                Turns: 58108, Time: 02:01:17

Health: -7/228     AC: 28    Str: 29      XL:     27
Magic:  15/48      EV: 42    Int: 47 (48) God:    Cheibriados [******]
Gold:   8509       SH: 22    Dex: 38      Spells: 9/68 levels left

rFire   + +          +
                       - Unarmed
rCold   + + .        L - +1 kite shield
rNeg    + + +        l - +4 troll leather armour
rPois   ∞            N - +2 hat {Will+}
rElec   +            e - +2 cloak {Will+}
rCorr   +            Z - +0 pair of gloves of the Freezing God {Int+4 SInv}
SInv    +            U - +4 pair of boots of the End {rPois rF+ Dex+3 Stlth-}
Will    +++++        v - amulet of Xom's Bemusement {Regen+ Int+6}
Stlth   ++++++++     h - ring "Komam" {Drain rElec rPois rF++ rCorr Dex+6}
HPRegen 2.18/turn    K - ring of protection from cold
MPRegen 0.31/turn

%: no passive effects
@: lich-form, on vortex cooldown, corroded, very slightly contaminated, studying
5 skills, very slow
A: draining attack, torment immunity, no potions, fangs 1, strong nose,
distributed training, agile 1, strong-willed 1, passive freeze, wild magic 1
}: 4/15 runes: serpentine, barnacled, silver, golden
a: End Transformation, Renounce Religion, Bend Time, Temporal Distortion,
Slouch, Step From Time


You were on level 17 of a ziggurat.
You worshipped Cheibriados.
Cheibriados was exalted by your worship.
You were an undead lich.
You visited 12 branches of the dungeon, and saw 52 of its levels.
You visited the Abyss 1 time.
You visited 1 bazaar.
You visited 1 ziggurat, and saw 17 of its levels.
You also visited: Gauntlet, Volcano, Wizlab and Desolation.

You collected 13457 gold pieces.
You spent 4948 gold pieces at shops.

Inventory:

Hand Weapons
 R - a +9 quick blade of electrocution
Missiles
 b - 6 throwing nets
Armour
 e - a +2 cloak of willpower (worn)
 l - a +4 troll leather armour (worn)
 p - the +0 pair of gloves "Gudih" {rPois rC+ rN+ Int+2}
   (You acquired it on level 5 of the Vaults)

   Int:       It affects your intelligence (+2).
   rC:        It protects you from cold.
   rPois:     It protects you from poison.
   rN:        It protects you from negative energy.
 q - the scarf of Valour {+Inv, Fly rPois Regen+}
   (You found it on level 3 of the Crypt)

   rPois:     It protects you from poison.
   Fly:       It grants you flight.
   Regen:     It increases your rate of health regeneration.
 L - a +1 kite shield (worn)
 N - a +2 hat of willpower (worn)
 U - the +4 pair of boots of the End (worn) {rPois rF+ Dex+3 Stlth-}
   (You bought it in a shop on level 2 of the Elven Halls)

   Dex:       It affects your dexterity (+3).
   rF:        It protects you from fire.
   rPois:     It protects you from poison.
   Stlth:     It makes you less stealthy.
 Z - the +0 pair of gloves of the Freezing God (worn) {Int+4 SInv}
   (You found it on level 2 of the Lair of Beasts)

   Int:       It affects your intelligence (+4).
   SInv:      It lets you see invisible.
Jewellery
 a - the ring "Amaoqiot" {Ice +Blink rCorr Str-4 SInv}
   (You found it on level 4 of a ziggurat)

   [ring of ice]

   It enhances your ice magic.
   Str:       It affects your strength (-4).
   rF:        It makes you vulnerable to fire.
   rC:        It protects you from cold.
   SInv:      It lets you see invisible.
   +Blink:    It lets you blink.
   rCorr:     It protects you from acid and corrosion.
 h - the ring "Komam" (left hand) {Drain rElec rPois rF++ rCorr Dex+6}
   (You acquired it on level 1 of the Dungeon)

   [ring of dexterity]

   Dex:       It affects your dexterity (+6).
   rF:        It greatly protects you from fire.
   rElec:     It insulates you from electricity.
   rPois:     It protects you from poison.
   rCorr:     It protects you from acid and corrosion.
   Drain:     It drains your maximum health when unequipped.
 n - an amulet of magic regeneration
 s - the ring of Homicwoq {Will++ Dex+3 Slay+4}
   (You bought it in a shop on level 2 of the Depths)

   [ring of slaying]

   Dex:       It affects your dexterity (+3).
   Slay:      It affects your accuracy & damage with ranged weapons and melee
   (+4).
   Will:      It greatly increases your willpower.
 v - the amulet of Xom's Bemusement (around neck) {Regen+ Int+6}
   (You found it on level 5 of the Dungeon)

   [amulet of regeneration]

   Int:       It affects your intelligence (+6).
   Regen:     It increases your rate of health regeneration.
 G - the ring "Pacus" {rF++ Dex+6}
   (You found it in the Desolation of Salt)

   [ring of dexterity]

   Dex:       It affects your dexterity (+6).
   rF:        It greatly protects you from fire.
 K - a ring of protection from cold (right hand)
 P - the ring "Keghutill" {Wiz Int+5 Dex+3}
   (You took it off a deep elf demonologist on level 3 of the Elven Halls)

   [ring of wizardry]

   It improves your spell success rate.
   Int:       It affects your intelligence (+5).
   Dex:       It affects your dexterity (+3).
 Y - the ring "Vienk" {Fire +Blink Will+}
   (You found it in the Desolation of Salt)

   [ring of fire]

   It enhances your fire magic.
   rF:        It protects you from fire.
   rC:        It makes you vulnerable to cold.
   +Blink:    It lets you blink.
   Will:      It increases your willpower.
Wands
 B - a wand of charming (13)
 J - a wand of roots (90)
 Q - a wand of digging (24)
 W - a wand of light (57)
Scrolls
 j - 10 scrolls of vulnerability
 k - 27 scrolls of teleportation
 m - 3 scrolls of silence
 C - 13 scrolls of fog
 D - 11 scrolls of amnesia
 E - 8 scrolls of magic mapping
 F - 6 scrolls of butterflies
 H - 15 scrolls of enchant armour
 O - 6 scrolls of brand weapon
 V - 16 scrolls of enchant weapon
Potions
 c - 22 potions of heal wounds
 d - 38 potions of curing
 g - 27 potions of mutation
 i - 10 potions of might
 o - 12 potions of brilliance
 r - 3 potions of magic
 t - 9 potions of cancellation
 u - 5 potions of resistance
 w - 3 potions of ambrosia
 x - 3 potions of invisibility
 z - 11 potions of attraction
 A - 9 potions of lignification
 I - 8 potions of flight
 M - 7 potions of berserk rage
Miscellaneous
 f - a condenser vane
 S - a box of beasts
 T - a lightning rod (4/4)


   Skills:
 + Level 21.3 Fighting
 + Level 20.9 Short Blades
 + Level 21.7 Long Blades
 + Level 20.9 Axes
 + Level 25.9 Maces & Flails
 + Level 23.8 Polearms
 + Level 20.9 Staves
 + Level 20.9 Ranged Weapons
 + Level 20.9 Throwing
 + Level 23.6 Armour
 + Level 21.3 Dodging
 + Level 23.1 Stealth
 + Level 20.9 Shields
 + Level 26.1 Unarmed Combat
 + Level 21.4 Spellcasting
 + Level 18.6 Conjurations
 + Level 17.9 Hexes
 + Level 17.9 Summonings
 + Level 17.9 Necromancy
 + Level 18.6 Translocations
 + Level 17.9 Transmutations
 + Level 17.9 Fire Magic
 + Level 17.9 Ice Magic
 + Level 17.9 Air Magic
 + Level 17.9 Earth Magic
 + Level 17.9 Poison Magic
 + Level 22.6 Invocations
 + Level 20.9 Evocations


You had 9 spell levels left.
You knew the following spells:

 Your Spells              Type           Power      Damage    Failure   Level
a - Necromutation         Tmut/Necr      81%        N/A       3%          8
b - Apportation           Tloc           100%       N/A       1%          1
c - Infestation           Necr           81%        N/A       3%          8
d - Freezing Cloud        Conj/Ice/Air   68%        6-21      1%          5
e - Statue Form           Tmut/Erth      91%        N/A       1%          6
f - Passwall              Tmut/Erth      100%       N/A       1%          2
g - Passage of Golubria   Tloc           100%       N/A       1%          4
h - Irradiate             Conj/Tmut      69%        3d34      1%          5
i - Blink                 Tloc           100%       N/A       1%          2
j - Fire Storm            Conj/Fire      69%        8d17      32%         9
k - Polar Vortex          Ice            68%        N/A       34%         9

Your spell library contained the following spells:

 Spells                   Type           Power      Damage    Failure   Level
 Beastly Appendage        Tmut           100%       N/A       1%          1
 Foxfire                  Conj/Fire      100%       2x1d9     1%          1
 Kiss of Death            Conj/Necr      100%       2d13      1%          1
 Magic Dart               Conj           100%       1d8       1%          1
 Sandblast                Erth           100%       2d20      1%          1
 Shock                    Conj/Air       100%       1d9       1%          1
 Slow                     Hex            100%       N/A       1%          1
 Sting                    Tmut/Pois      100%       1d8       1%          1
 Summon Small Mammal      Summ           100%       N/A       1%          1
 Call Imp                 Summ           100%       N/A       1%          2
 Cigotuvi's Dreadful Rot  Necr/Pois/Air  100%       N/A       1%          2
 Lesser Beckoning         Tloc           100%       N/A       1%          2
 Momentum Strike          Conj/Tloc      100%       3d10      1%          2
 Poisonous Vapours        Pois/Air       100%       N/A       1%          2
 Scorch                   Fire           100%       2d9       1%          2
 Searing Ray              Conj           100%       2d8       1%          2
 Wereblood                Tmut           100%       N/A       1%          2
 Call Canine Familiar     Summ           100%       N/A       1%          3
 Confusing Touch          Hex            100%       N/A       1%          3
 Dazzling Flash           Conj/Hex       100%       N/A       1%          3
 Frozen Ramparts          Ice            100%       1d16      1%          3
 Gell's Gravitas          Tloc           100%       N/A       1%          3
 Hailstorm                Conj/Ice       100%       3d20      1%          3
 Ignite Poison            Fire/Tmut/Pois 100%       N/A       1%          3
 Inner Flame              Hex/Fire       100%       N/A       1%          3
 Mephitic Cloud           Conj/Pois/Air  100%       N/A       1%          3
 Portal Projectile        Hex/Tloc       100%       N/A       1%          3
 Spider Form              Tmut/Pois      100%       N/A       1%          3
 Stone Arrow              Conj/Erth      100%       3d13      1%          3
 Summon Guardian Golem    Hex/Summ       100%       N/A       1%          3
 Teleport Other           Tloc           100%       N/A       1%          3
 Tukima's Dance           Hex            100%       N/A       1%          3
 Vampiric Draining        Necr           100%       2d13      1%          3
 Vhi's Electric Charge    Tloc/Air       100%       N/A       1%          3
 Volatile Blastmotes      Fire/Tloc      100%       2d18      1%          3
 Anguish                  Hex/Necr       81%        N/A       1%          4
 Animate Armour           Summ/Erth      100%       N/A       1%          4
 Animate Dead             Necr           100%       N/A       1%          4
 Cause Fear               Hex            68%        N/A       1%          4
 Dispel Undead            Necr           100%       3d31      1%          4
 Flame Wave               Conj/Fire      100%       2d21      1%          4
 Fulminant Prism          Conj/Hex       69%        3d28      1%          4
 Ice Form                 Ice/Tmut       100%       N/A       1%          4
 Iskenderun's Mystic Bla  Conj/Tloc      100%       2d19      1%          4
 Leda's Liquefaction      Hex/Erth       68%        N/A       1%          4
 Manifold Assault         Tloc           100%       N/A       1%          4
 Olgreb's Toxic Radiance  Pois           100%       N/A       1%          4
 Sticky Flame             Conj/Fire      100%       2d11      1%          4
 Summon Ice Beast         Ice/Summ       100%       N/A       1%          4
 Summon Lightning Spire   Summ/Air       100%       N/A       1%          4
 Alistair's Intoxication  Tmut/Pois      91%        N/A       1%          5
 Arcjolt                  Conj/Air       69%        1d79      1%          5
 Borgnjor's Vile Clutch   Necr/Erth      81%        N/A       1%          5
 Fireball                 Conj/Fire      69%        3d26      1%          5
 Lee's Rapid Deconstruct  Erth           68%        3d31*     1%          5
 Silence                  Hex/Air        68%        N/A       1%          5
 Summon Mana Viper        Hex/Summ       100%       N/A       1%          5
 Yara's Violent Unravell  Hex/Tmut       68%        3d25      1%          5
 Conjure Ball Lightning   Conj/Air       69%        3x3d26    1%          6
 Death Channel            Necr           81%        N/A       1%          6
 Dispersal                Tloc           69%        N/A       1%          6
 Eringya's Noxious Bog    Tmut/Pois      68%        N/A       1%          6
 Iron Shot                Conj/Erth      69%        9d13      1%          6
 Plasma Beam              Fire/Air       68%        2x1d93    1%          6
 Simulacrum               Ice/Necr       81%        N/A       1%          6
 Starburst                Conj/Fire      69%        6d18      1%          6
 Summon Cactus Giant      Summ           68%        N/A       1%          6
 Enfeeble                 Hex            68%        N/A       1%          7
 Haunt                    Necr/Summ      81%        N/A       1%          7
 Malign Gateway           Summ/Tloc      69%        N/A       1%          7
 Orb of Destruction       Conj           69%        9d16      1%          7
 Ozocubu's Refrigeration  Ice            68%        4d22      1%          7
 Storm Form               Tmut/Air       68%        N/A       1%          7
 Summon Hydra             Summ           68%        N/A       1%          7
 Disjunction              Tloc           69%        N/A       2%          8
 Borgnjor's Revivificati  Necr           81%        N/A       3%          8
 Discord                  Hex            68%        N/A       3%          8
 Lehudib's Crystal Spear  Conj/Erth      69%        10d16     3%          8
 Maxwell's Capacitive Co  Air            68%        ∞         3%          8
 Summon Horrible Things   Summ           68%        N/A       3%          8
 Death's Door             Necr           81%        N/A       34%         9
 Dragon's Call            Summ           68%        N/A       34%         9


Dungeon Overview and Level Annotations

Branches:
Dungeon (15/15)            Temple (1/1) D:4            Lair (5/5) D:10
 Shoals (4/4) Lair:2        Snake (4/4) Lair:3        Slime (0/5) Lair:4
    Orc (2/2) D:12            Elf (3/3) Orc:2        Vaults (5/5) D:13
  Crypt (3/3) Vaults:3       Tomb (3/3) Crypt:3      Depths (4/4) D:15
    Zot (2/5) Depths:4    Volcano (visited)          WizLab (visited)
Desolation (visited)      Gauntlet (visited)

Altars:
Ashenzari
Cheibriados
Dithmenos
Elyvilon
Gozag
Hepliaklqana
Kikubaaqudgha
Makhleb
Nemelex Xobeh
Okawaru
Qazlal
Ru
Trog
Uskayaw
Vehumet
Wu Jian
Xom
Yredelemnul
Zin
The Shining One
Jiyva

Shops:
D:5 =:!   D:6 (   D:8 (   D:9 *?   D:10 (   D:15 (   Orc:2 !*![   Elf:2 [
Shoals:2 *   Vaults:4 [   Vaults:5 *   Depths:2 *=:=

Portals:
Hell: Depths:1 Depths:2 Depths:3 Depths:4
Abyss: Depths:1 Depths:3
Pandemonium: Depths:2 Depths:3
Ziggurat: Depths:4

Annotations:
D:4 exclusion: statue
D:8 1 runed translucent door, roninjake's ghost, novice DsFi
D:11 2 transporters, Monarks's ghost, journeyman TeCj
D:12 3 runed translucent doors, hgbash's ghost, journeyman GrFi
Shoals:1 Roxanne
Elf:2 3 runed translucent doors
Depths:2 1 runed translucent door


Innate Abilities, Weirdness & Mutations

You are an undead lich.
Your unarmed attacks are suffused with negative energy.
You are immune to unholy pain and torment.
Your necromantic spells are more powerful.
You cannot drink.
You are immune to poison.
You have very sharp teeth.
Your uncanny sense of smell can sniff out nearby items.
Your experience applies equally to all skills.
You are agile. (Dex +4, Str/Int -1)
You are strong-willed. (Will+)
A frigid envelope surrounds you and freezes all who hurt you.
Your spells are a little harder to cast, but a little more powerful.


Message History

Your death scarab bites the death scarab!
The death scarab is destroyed!
Your death scarab misses the death scarab.
The balrug gestures at you.
The fireball explodes!
The fireball engulfs your death scarab!!!
Your death scarab is destroyed!
The fireball engulfs you. You resist.
The fireball engulfs the death scarab!!!
The death scarab is destroyed!
You barely miss the Tzitzimitl.
The Tzitzimitl is severely wounded.
Your death scarab bites the cacodemon!
Your death scarab drains the cacodemon's vigour!
The cacodemon seems to slow down.
You block the Hell Sentinel's attack.
The Hell Sentinel hits you but does no damage.
The Hell Sentinel completely resists.
The demonspawn black sun hits your death scarab with a +4 dire flail!!!
Your death scarab is destroyed!
The Tzitzimitl gestures at you.
You convulse!
* * * LOW HITPOINT WARNING * * *
You block Qoxkacudgh's attack.
The Hell Sentinel hits you but does no damage.
The Hell Sentinel hits you.
* * * LOW HITPOINT WARNING * * *
You feel your power leaking away.
The Hell Sentinel completely resists.
Blink to where?
Press: ? - help, Dir - move target
Found four items.
Found two gates leading back out of this place.
Found a stone staircase leading down.
As you read the scroll of blinking, it crumbles to dust.
Your death scarab bites the cacodemon!
Your death scarab drains the cacodemon's vigour!
The cacodemon seems to slow down.
The Hell Sentinel gestures at you.
The sphere of damnation explodes!
The damnation engulfs you!!!
You die...

▓...........▓▓
.............▓▓
....§§§§§§§§§§▓▓
....§§§§§§§§§3§▓▓
....§§§§§§§§§§§)▓▓
....§§§§§§§§§§2:|▓▓
....§§§§66§2§B§|[∩▓▓
....§§§B&§§2§§§=L>:▓
....§§§§111§§§§/)∩▓▓
....§§§§§§§§§§§/[▓▓
....§§§§§§§§§§§?▓▓
....§§§§§§§§§§§▓▓
....§§§§§§§§§§▓▓
.............▓▓
▓...........▓▓


You could see 2 Hell Sentinels, 2 cacodemons, a demonspawn black sun (black
mark, infested), a balrug (black mark), a neqoxec (black mark) and a friendly
death scarab.

Vanquished Creatures
  A pandemonium lord (Zig:7)
  A dread lich (Crypt:3)
  2 ancient liches (Vaults:5)
  An orb of fire (Zot:1)
  3 juggernauts
  Sojobo (Vaults:3)
  Bai Suzhen (Vaults:2)
  28 royal mummies
  Saint Roka (Vaults:2)
  Margery (Vaults:4)
  Vashnia (Snake:4)
  Xtahua (Vaults:3)
  A curse toe (Crypt:3)
  3 golden dragons
  Jory (Crypt:2)
  3 caustic shrikes
  A doom hound (Zot:1)
  3 bone dragons
  A Hellbinder (WizLab)
  3 electric golems
  An iron giant (Zig:5)
  Zenata (Vaults:1)
  Jorgrun (Orc:2)
  8 tentacled monstrosities
  2 hellephants (Zig:16)
  Rupert (Snake:1)
  A Hell Sentinel (Zig:7)
  7 Ice Fiends
  11 liches
  A shard shrike skeleton (Crypt:1)
  A walking earthen tome (Depths:1)
  4 deep elf blademasters
  6 titans
  4 quicksilver dragons
  A walking frostbound tome (Depths:4)
  3 Executioners
  Polyphemus (Shoals:2)
  A kraken (Shoals:1)
  3 deep elf master archers
  15 ancient champions
  5 death cobs
  14 sphinxes
  A tentacled starspawn (Abyss:4)
  11 storm dragons
  A thorn hunter (Zig:4)
  7 tengu reavers
  3 draconian monks
  Ilsuiw (Shoals:4)
  5 shadow dragons
  11 draconian knights
  10 fire giants
  2 narguns (Zig:14)
  A fenstrider witch (Zig:11)
  5 nagarajas (Snake:4)
  3 demonspawn warmongers
  6 draconian scorchers
  An iron dragon (Vaults:5)
  3 azure jellies
  5 revenants
  2 emperor scorpions (Zig:10)
  12 vault wardens
  9 deep elf sorcerers
  Aizul (Vaults:1)
  An imperial myrmidon (Desolation)
  6 ghost moths
  10 frost giants
  A juggernaut zombie (Crypt:1)
  5 cacodemons
  3 curse skulls
  5 draconian shifters
  A balrug (WizLab)
  7 deep elf elementalists (Elf:3)
  A demonspawn corrupter (Zig:17)
  4 draconian stormcallers
  7 caustic shrike skeletons (Crypt:3)
  3 draconian annihilators
  9 ghouls
  25 ironbound preservers
  2 angels (Elf:2)
  A broodmother (Zig:10)
  2 demonspawn blood saints (Zig:17)
  4 juggernaut skeletons
  2 spriggan defenders
  22 very ugly things
  A quicksilver ooze (shapeshifter) (Elf:3)
  19 stone giants
  12 vampire knights
  3 ironbound thunderhulks
  4 demonspawn black suns
  3 green draconians
  Azrael (D:13)
  10 bennus
  5 lorocyprocas
  11 deep elf demonologists
  14 deep elf annihilators
  A minotaur (Gauntlet)
  9 black draconians
  3 wendigos (Zig:14)
  5 spark wasps
  12 dire elephants
  7 white draconians
  2 halazid warlocks (Desolation)
  9 deep elf death magi
  8 purple draconians
  6 yellow draconians
  4 red draconians
  7 eidola
  2 merfolk javelineers (Shoals:4)
  4 green deaths
  16 ettins
  3 blizzard demons
  Josephine (D:15)
  22 mummy priests
  A fire dragon (shapeshifter) (Vaults:5)
  A quicksilver dragon zombie (Crypt:3)
  5 ragged hierophants (Desolation)
  15 jiangshi
  3 crystal guardians (Desolation)
  2 entropy weavers
  14 fire dragons
  4 great orbs of eyes
  10 merfolk impalers
  13 yaktaur captains
  14 hydras
  A caustic shrike simulacrum (Zig:14)
  2 spriggan zombies
  A juggernaut simulacrum (Zig:14)
  9 deep elf high priests
  4 ogre magi
  33 vault guards
  2 merfolk avatars
  A hell beast (Zig:7)
  11 peacekeepers
  11 ice dragons
  7 catoblepae
  8 servants of whispers (Desolation)
  8 spriggan air magi
  3 alligator snapping turtles (Shoals:4)
  A jorogumo (Zig:13)
  8 ironbound frosthearts
  4 rakshasas
  7 centaur warriors
  3 death knights
  A radroach (Zig:13)
  13 two-headed ogres
  Erica (D:11)
  A two-headed ogre (shapeshifter) (D:13)
  6 boulder beetles
  13 anacondas
  A merfolk aquamancer (Shoals:4)
  A satyr (Shoals:4)
  18 dancing weapons
  An Orb Guardian skeleton (Crypt:1)
  8 tengu warriors
  60 death scarabs
  10 naga warriors
  11 deep troll earth magi
  10 deep troll shamans
  9 naga sharpshooters
  16 vampire magi
  16 death yaks
  3 shock serpents
  6 spriggan berserkers
  An emperor scorpion zombie (Tomb:3)
  A sun demon (Zig:17)
  2 titan zombies
  2 storm dragon zombies
  A soul eater (Zig:9)
  A salamander mystic (Snake:4)
  3 spriggans
  A wretched star (Abyss:4)
  10 hell knights
  An iron giant zombie (Crypt:3)
  16 deep elf knights
  9 iron trolls
  7 skysharks
  4 titan skeletons (Crypt:3)
  A death drake (Zig:11)
  34 skeletal warriors
  A sixfirhy (Zig:7)
  2 shadow wraiths
  82 deep trolls
  10 sea snakes
  A spriggan druid (Zig:11)
  A glowing orange brain (shapeshifter) (Vaults:5)
  2 shadow demons (WizLab)
  2 sun moths
  7 flayed ghosts
  2 bunyip skeletons
  18 deep elf archers
  7 naga ritualists
  4 glowing orange brains
  7 wizards
  A lindwurm (Vaults:1)
  4 obsidian statues
  3 anaconda skeletons
  A swamp dragon (Zig:4)
  An orange crystal statue (Zig:9)
  34 deep elf zephyrmancers
  2 steelbarb worms
  An orc knight (Vaults:5)
  30 ironbound convokers
  30 deep elf pyromancers
  6 necromancers
  12 phantasmal warriors
  32 harpies
  10 fauns
  5 mana vipers
  2 will-o-the-wisps
  17 manticores
  42 ugly things
  A wolf spider (Zig:10)
  6 large abominations
  2 centaur zombies (Crypt:3)
  18 cyclopes
  A dire elephant zombie (Crypt:3)
  9 salamanders
  11 moths of wrath
  7 elephants
  A goliath frog skeleton (Crypt:2)
  A water nymph (shapeshifter) (Vaults:5)
  A fire giant skeleton (Crypt:1)
  12 guardian serpents
  3 ice statues
  21 naga magi
  3 merfolk sirens (Shoals:2)
  5 water nymphs
  36 black mambas
  5 smoke demons
  A gargoyle (D:14)
  8 vault sentinels
  3 orange demons
  3 rust devils (WizLab)
  5 molten gargoyles
  2 stone giant skeletons (Crypt:3)
  4 torpor snails
  2 hellions (WizLab)
  20 cane toads
  A centaur skeleton (Tomb:1)
  3 unseen horrors
  A black draconian zombie (Crypt:3)
  3 tormentors
  5 freezing wraiths
  A redback zombie (Crypt:3)
  A tengu conjurer (D:13)
  2 efreet
  28 yaktaurs
  A dire elephant skeleton (Crypt:3)
  A rime drake (Zig:16)
  11 komodo dragons
  4 ice devils
  4 spriggan skeletons
  A black draconian skeleton (Crypt:1)
  2 red devils
  52 guardian mummies
  An ancient zyme (Zig:2)
  3 meliai (D:14)
  3 hornets
  A polar bear (Lair:5)
  A polar bear (shapeshifter) (D:13)
  2 harpy zombies
  7 wind drakes
  A meliai (shapeshifter) (Vaults:5)
  21 merfolk
  10 trolls
  5 hellwings
  8 snapping turtles
  4 harpy skeletons
  Prince Ribbit (D:9)
  12 blink frogs
  47 saltlings (Desolation)
  A frost giant simulacrum (Depths:2)
  6 dream sheep
  2 iron dragon simulacra
  7 raiju
  2 centaur simulacra (Crypt:1)
  21 slime creatures
  41 flying skulls
  2 ettin skeletons
  A culicivora (Zig:13)
  A merfolk skeleton (Tomb:1)
  A satyr skeleton (Crypt:3)
  3 ynoxinuls
  An ice dragon skeleton (Tomb:2)
  6 air elementals
  7 water elementals
  10 ushabtiu
  A fire bat (Volcano)
  A vampire (D:12)
  A shadow (D:6)
  A human (D:12)
  83 yaks
  A fire bat (shapeshifter) (Vaults:5)
  7 fire elementals
  A human (shapeshifter) (D:13)
  3 basilisks
  A basilisk (shapeshifter) (Vaults:5)
  16 wraiths
  A golden eye (shapeshifter) (Vaults:5)
  6 chaos spawn
  2 neqoxecs (Zig:2)
  12 vampire mosquitoes
  3 spriggan simulacra
  2 wargs
  2 demonspawn zombies
  32 nagas
  15 water moccasins
  2 acid dragons
  3 naga zombies
  A floating eye (Depths:2)
  3 hell hounds (D:13)
  21 orc warriors
  3 naga skeletons
  A black bear (shapeshifter) (Depths:4)
  A meliai simulacrum (D:15)
  2 black bears
  2 manticore zombies (Crypt:3)
  An ice beast (D:8)
  An elephant zombie (Crypt:1)
  A manticore skeleton (Crypt:2)
  A swamp dragon skeleton (Crypt:2)
  9 wolves
  14 boggarts
  8 centaurs
  24 ogres
  A hog skeleton (Crypt:2)
  Blork the orc (D:4)
  4 kobold brigands
  A phantom (D:5)
  4 earth elementals
  8 bullfrogs
  A gnoll sergeant (D:9)
  4 necrophages
  4 scorpions
  29 wights
  A warg zombie (Crypt:1)
  3 electric eels
  4 lava snakes (Volcano)
  11 howler monkeys
  2 hounds (D:5)
  2 human zombies
  16 orc priests
  4 jellies
  A gnoll bouda (D:7)
  2 sleepcaps
  A bullfrog skeleton (Crypt:1)
  2 iguanas
  2 human skeletons (Crypt:1)
  2 lightning spires (Gauntlet)
  12 orc wizards
  2 hell rats (Lair:4)
  42 mummies
  A howler monkey zombie (Crypt:3)
  14 gnolls
  10 river rats (Lair:4)
  10 adders
  3 white imps
  3 ufetubi
  2 worms
  A dart slug (D:4)
  75 orcs
  6 ball pythons
  8 bats
  12 endoplasms
  3 giant cockroaches
  13 goblins
  3 hobgoblins (D:2)
  9 jackals (D:1)
  30 kobolds
  2 quokkas
  A river rat zombie (Crypt:2)
  2 endoplasm zombies
  5 frilled lizards
  A gnoll skeleton (Crypt:2)
  7 rats
  A fire vortex (Zig:17)
2687 creatures vanquished.

Vanquished Creatures (collateral kills)
  2 royal mummies (Tomb:2)
  A golden dragon (Depths:4)
  A doom hound (Zot:1)
  Grunn (Zot:1)
  A nargun (Zig:14)
  An emperor scorpion (Zig:13)
  A deep elf sorcerer (Elf:3)
  A draconian scorcher (Zig:12)
  A draconian shifter (Zot:1)
  2 draconian annihilators
  A draconian stormcaller (Zot:1)
  3 black draconians (Zot:1)
  2 purple draconians
  2 bennus (Tomb:3)
  2 yellow draconians
  2 white draconians
  A red draconian (Zot:1)
  4 mummy priests
  A green death (Zig:11)
  A fire dragon (Depths:4)
  5 entropy weavers
  A boulder beetle (Zig:13)
  A catoblepas (Zig:16)
  A death scarab (Tomb:2)
  A titan zombie (Tomb:3)
  A naga sharpshooter (Snake:3)
  2 goliath frogs (Zig:11)
  5 skeletal warriors
  A pharaoh ant (Zig:13)
  3 swamp dragons (Zig:11)
  2 orb spiders (Zig:13)
  3 wolf spiders
  2 moths of wrath
  A will-o-the-wisp (Zig:11)
  3 demonic crawlers (Zig:13)
  5 guardian mummies
  A tarantella (Zig:10)
  2 hornets (Zig:11)
  A tyrant leech (Zig:11)
  A jumping spider (Zig:13)
  3 flying skulls
  2 spriggans (Zig:11)
  A culicivora (Zig:13)
  An ushabti (Tomb:2)
  4 redbacks
  A swamp drake (Zig:11)
  A boggart (Vaults:2)
  An earth elemental (Elf:2)
  12 mummies
99 creatures vanquished.

Vanquished Creatures (others)
  An ancient lich (Vaults:5)
  2 fire giants (Depths:2)
  A green draconian (Zot:1)
  A blizzard demon (Zig:14)
  A mummy priest (Tomb:2)
  A naga warrior (Snake:4)
  A naga sharpshooter (Snake:4)
  2 deep elf knights
  A boggart (Vaults:2)
  22 fire vortices
  14 foxfires
  3 starspawn tentacles (Abyss:4)
  4 tentacles (Shoals:1)
54 creatures vanquished.

Grand Total: 2840 creatures vanquished

Notes
Turn   | Place    | Note
-------+----------+-------------------------------------------
     0 | D:1      | frimble the Gnoll Reaver began the quest for the Orb.
     0 | D:1      | Reached XP level 1. HP: 20/20 MP: 6/6
    72 | D:1      | Reached XP level 2. HP: 26/26 MP: 7/7
   460 | D:1      | Reached skill level 5 in Spellcasting
   460 | D:1      | Reached XP level 3. HP: 31/31 MP: 7/9
   584 | D:1      | Identified a scroll of acquirement
   584 | D:1      | Acquired the ring "Komam" {Drain rElec rPois rF++ rCorr
                  | Dex+6}
   703 | D:1      | Reached skill level 1 in Invocations
  1069 | D:2      | Reached skill level 1 in Short Blades
  1069 | D:2      | Reached skill level 1 in Axes
  1069 | D:2      | Reached skill level 1 in Maces & Flails
  1069 | D:2      | Reached skill level 1 in Polearms
  1069 | D:2      | Reached skill level 1 in Staves
  1069 | D:2      | Reached skill level 1 in Ranged Weapons
  1069 | D:2      | Reached skill level 1 in Throwing
  1069 | D:2      | Reached skill level 1 in Armour
  1069 | D:2      | Reached skill level 1 in Stealth
  1069 | D:2      | Reached skill level 1 in Shields
  1069 | D:2      | Reached skill level 1 in Unarmed Combat
  1069 | D:2      | Reached skill level 1 in Evocations
  1168 | D:2      | Found a glowing silver altar of Zin.
  1208 | D:2      | Reached XP level 4. HP: 35/38 MP: 11/11
  1402 | D:2      | Reached skill level 1 in Hexes
  1402 | D:2      | Reached skill level 1 in Summonings
  1402 | D:2      | Reached skill level 1 in Necromancy
  1402 | D:2      | Reached skill level 1 in Translocations
  1402 | D:2      | Reached skill level 1 in Transmutations
  1402 | D:2      | Reached skill level 1 in Fire Magic
  1402 | D:2      | Reached skill level 1 in Ice Magic
  1402 | D:2      | Reached skill level 1 in Air Magic
  1402 | D:2      | Reached skill level 1 in Earth Magic
  1402 | D:2      | Reached skill level 1 in Poison Magic
  1535 | D:2      | Learned a level 3 spell: Hailstorm
  1611 | D:2      | Learned a level 3 spell: Vampiric Draining
  1967 | D:3      | Reached XP level 5. HP: 29/43 MP: 12/12
  2074 | D:3      | Identified the +7 whip of the Spheres {venom, Str+4}
  2182 | D:3      | Found a faded altar of an unknown god.
  2205 | D:3      | Found a basalt altar of Yredelemnul.
  2392 | D:3      | Found a shadowy altar of Dithmenos.
  2437 | D:3      | Found an iron altar of Okawaru.
  2723 | D:4      | Found a radiant altar of Vehumet.
  2725 | D:4      | Noticed a charred statue
  2780 | D:4      | Found a staircase to the Ecumenical Temple.
  2795 | Temple   | Entered the Ecumenical Temple
  2804 | Temple   | Became a worshipper of Cheibriados the Contemplative
  2840 | D:4      | Reached XP level 6. HP: 38/50 MP: 13/13
  2908 | D:4      | Reached skill level 5 in Fighting
  2908 | D:4      | Reached skill level 5 in Dodging
  3030 | D:4      | Reached skill level 2 in Unarmed Combat
  3038 | D:4      | Found a faded altar of an unknown god.
  3039 | D:4      | Found a hazy altar of Hepliaklqana.
  3039 | D:4      | Noticed Blork the orc
  3047 | D:4      | Killed Blork the orc
  3474 | D:5      | Entered Level 5 of the Dungeon
  3498 | D:5      | Reached XP level 7. HP: 25/56 MP: 15/15
  3504 | D:5      | Reached * piety under Cheibriados
  3710 | D:5      | Identified the amulet of Xom's Bemusement {Regen+ Int+6}
  3871 | D:5      | Found Usizusch's Book Boutique.
  3920 | D:5      | Found Jisiac's Jewellery Shoppe.
  4156 | D:5      | Reached skill level 3 in Unarmed Combat
  4158 | D:5      | Reached XP level 8. HP: 63/63 MP: 16/16
  4169 | D:5      | Found Daattiwk's Distillery.
  4172 | D:5      | Bought 2 potions of curing for 84 gold pieces
  4172 | D:5      | Bought a potion of heal wounds for 70 gold pieces
  4172 | D:5      | Bought a potion of attraction for 42 gold pieces
  4172 | D:5      | Bought a potion of lignification for 42 gold pieces
  4658 | D:5      | Found a burning altar of Makhleb.
  4714 | D:6      | Found an ornate altar of the Wu Jian Council.
  4730 | D:6      | Reached ** piety under Cheibriados
  4806 | D:6      | Found a shimmering altar of Xom.
  4810 | D:6      | Noticed a shadow
  4842 | D:6      | Killed a shadow
  5020 | D:6      | Found Ongifrora's Weapon Shoppe.
  5558 | D:7      | Reached skill level 4 in Unarmed Combat
  5558 | D:7      | Reached XP level 9. HP: 45/69 MP: 18/18
  5664 | D:7      | Learned a level 5 spell: Freezing Cloud
  5683 | D:7      | Identified the +4 ring mail "Edaoquen" {Int+3 Dex+3}
  5870 | D:7      | Reached *** piety under Cheibriados
  6136 | D:7      | You fall into a shaft and drop 2 floors!
  6162 | D:9      | Reached skill level 5 in Invocations
  6202 | D:9      | Found Xinivvist's Magic Scroll Boutique.
  6218 | D:9      | Bought a scroll of magic mapping for 112 gold pieces
  6218 | D:9      | Bought a scroll of teleportation for 45 gold pieces
  6344 | D:8      | Reached **** piety under Cheibriados
  6692 | D:8      | Identified the +7 quarterstaff "Buuxtic" {flame, Fly}
  6712 | D:8      | Reached skill level 5 in Short Blades
  6712 | D:8      | Reached skill level 5 in Axes
  6712 | D:8      | Reached skill level 5 in Maces & Flails
  6712 | D:8      | Reached skill level 5 in Polearms
  6712 | D:8      | Reached skill level 5 in Staves
  6712 | D:8      | Reached skill level 5 in Ranged Weapons
  6712 | D:8      | Reached skill level 5 in Throwing
  6712 | D:8      | Reached skill level 5 in Armour
  6712 | D:8      | Reached skill level 5 in Stealth
  6712 | D:8      | Reached skill level 5 in Shields
  6712 | D:8      | Reached skill level 5 in Unarmed Combat
  6712 | D:8      | Reached skill level 5 in Evocations
  6712 | D:8      | Reached XP level 10. HP: 51/77 MP: 14/20
  6841 | D:8      | Found Rekagab's Antique Weapon Emporium.
  7009 | D:8      | Found a runed translucent door.
  7009 | D:8      | Noticed roninjake's ghost (novice DsFi)
  7237 | D:9      | Noticed Prince Ribbit
  7240 | D:9      | Noticed a two-headed ogre
  7243 | D:9      | Killed Prince Ribbit
  7249 | D:9      | Killed a two-headed ogre
  7451 | D:9      | Reached ***** piety under Cheibriados
  7621 | D:9      | Found Diennu's General Store.
  7984 | D:9      | Found a stormy altar of Qazlal.
  8027 | D:10     | Entered Level 10 of the Dungeon
  8124 | D:10     | Found a staircase to the Lair.
  8237 | D:10     | Reached skill level 6 in Unarmed Combat
  8272 | D:10     | Found Roujadauk's Weapon Shoppe.
  8446 | D:10     | Noticed a two-headed ogre
  8453 | D:10     | Killed a two-headed ogre
  8454 | D:10     | Reached skill level 5 in Hexes
  8454 | D:10     | Reached skill level 5 in Summonings
  8454 | D:10     | Reached skill level 5 in Necromancy
  8454 | D:10     | Reached skill level 5 in Translocations
  8454 | D:10     | Reached skill level 5 in Transmutations
  8454 | D:10     | Reached skill level 5 in Fire Magic
  8454 | D:10     | Reached skill level 5 in Ice Magic
  8454 | D:10     | Reached skill level 5 in Air Magic
  8454 | D:10     | Reached skill level 5 in Earth Magic
  8454 | D:10     | Reached skill level 5 in Poison Magic
  8454 | D:10     | Reached XP level 11. HP: 85/85 MP: 11/23
  8596 | D:10     | Found a sparkling altar of Nemelex Xobeh.
  8622 | D:10     | Noticed a two-headed ogre
  8627 | D:10     | Killed a two-headed ogre
  8715 | D:10     | Found a glowing golden altar of the Shining One.
  8715 | D:10     | Found a bloodstained altar of Trog.
  8794 | D:11     | Noticed a brown ugly thing
  8799 | D:11     | Killed a brown ugly thing
  8986 | D:11     | Noticed a two-headed ogre
  8993 | D:11     | Killed a two-headed ogre
  9147 | D:11     | Noticed a cyclops
  9156 | D:11     | Killed a cyclops
  9191 | D:11     | Noticed Erica
  9201 | D:11     | Killed Erica
  9328 | D:11     | Found a transporter.
  9333 | D:11     | Found a transporter.
  9388 | D:11     | Noticed Monarks's ghost (journeyman TeCj)
  9614 | D:12     | Found a runed translucent gate.
  9615 | D:12     | Found a runed translucent gate.
  9621 | D:12     | Found a runed translucent gate.
  9622 | D:12     | Noticed a boulder beetle
  9650 | D:12     | Noticed a purple ugly thing
  9659 | D:12     | Killed a purple ugly thing
  9741 | D:12     | Noticed a cyclops
  9758 | D:12     | Killed a cyclops
  9806 | D:12     | Reached skill level 7 in Unarmed Combat
  9808 | D:12     | Noticed a two-headed ogre
  9810 | D:12     | Identified the +8 dagger "Enam" {holy, rElec}
  9813 | D:12     | Killed a two-headed ogre
  9814 | D:12     | Reached XP level 12. HP: 51/94 MP: 3/24
  9882 | D:12     | Found a staircase to the Orcish Mines.
 10010 | D:12     | Identified the +1 halberd of Zoidiaj {flame, rCorr}
 10066 | D:12     | Noticed hgbash's ghost (journeyman GrFi)
 10067 | D:12     | Noticed a centaur warrior
 10067 | D:12     | Noticed a sphinx
 10408 | D:13     | Noticed a boulder beetle
 10425 | D:13     | Killed a boulder beetle
 10501 | D:13     | Acquired 1099 gold pieces
 10511 | D:13     | Noticed a boulder beetle
 10529 | D:13     | Killed a boulder beetle
 10530 | D:13     | Reached skill level 10 in Long Blades
 10560 | D:13     | Noticed a centaur warrior
 10568 | D:13     | Killed a centaur warrior
 10624 | D:13     | Noticed a tengu warrior
 10641 | D:13     | Killed a tengu warrior
 10696 | D:13     | Learned a level 6 spell: Statue Form
 10702 | D:13     | Noticed an eight-headed hydra
 10735 | D:13     | Noticed Azrael
 10750 | D:13     | Killed Azrael
 10756 | D:13     | Killed a five-headed hydra
 10790 | D:13     | a redback changed into a two-headed ogre
 10790 | D:13     | Noticed a two-headed ogre (glowing shapeshifter)
 10791 | D:13     | Killed a two-headed ogre
 10845 | D:13     | Found a gate to the Vaults.
 11110 | D:14     | Noticed a centaur warrior
 11116 | D:14     | Killed a centaur warrior
 11117 | D:14     | Reached skill level 8 in Unarmed Combat
 11293 | D:14     | Noticed a centaur warrior
 11300 | D:14     | Killed a centaur warrior
 11301 | D:14     | Reached XP level 13. HP: 85/101 MP: 16/26
 11823 | D:15     | Entered Level 15 of the Dungeon
 11824 | D:15     | Acquired 1091 gold pieces
 12121 | D:15     | Reached skill level 10 in Spellcasting
 12572 | D:15     | Noticed Josephine
 12580 | D:15     | Killed Josephine
 12691 | D:15     | Reached skill level 10 in Fighting
 12691 | D:15     | Reached skill level 10 in Dodging
 12839 | D:15     | Found Dulimn's Weapon Emporium.
 12849 | D:15     | Bought a +0 quick blade of electrocution for 592 gold
                  | pieces
 13006 | D:15     | Found a staircase to the Depths.
 13006 | D:15     | Noticed a frost giant
 13018 | D:15     | Killed a frost giant
 13087 | D:15     | Reached skill level 9 in Unarmed Combat
 13302 | Orc:1    | Entered Level 1 of the Orcish Mines
 13328 | Orc:1    | Reached ****** piety under Cheibriados
 13536 | Orc:2    | Entered Level 2 of the Orcish Mines
 13546 | Orc:2    | Noticed an ettin
 13576 | Orc:2    | Killed an ettin
 13668 | Orc:2    | Noticed Jorgrun
 13684 | Orc:2    | Killed Jorgrun
 13685 | Orc:2    | Reached skill level 10 in Invocations
 13685 | Orc:2    | Reached XP level 14. HP: 105/110 MP: 18/28
 14099 | Orc:2    | Found Plog's Assorted Antiques.
 14225 | Orc:2    | Found Otacow's Distillery.
 14226 | Orc:2    | Found Mixkeg's Antique Armour Emporium.
 14236 | Orc:2    | Found Rinn's Distillery.
 14265 | Orc:2    | Bought a scroll of enchant armour for 240 gold pieces
 14289 | Orc:2    | Bought a potion of curing for 36 gold pieces
 14289 | Orc:2    | Bought a potion of curing for 36 gold pieces
 14294 | Orc:2    | Bought a potion of heal wounds for 80 gold pieces
 14294 | Orc:2    | Bought a potion of heal wounds for 80 gold pieces
 14294 | Orc:2    | Bought a potion of curing for 48 gold pieces
 14294 | Orc:2    | Bought a potion of curing for 48 gold pieces
 14294 | Orc:2    | Bought a potion of curing for 48 gold pieces
 14313 | Orc:2    | Found a staircase to the Elven Halls.
 14540 | Orc:2    | Bought a pair of gloves for 126 gold pieces
 14693 | Lair:1   | Entered Level 1 of the Lair of Beasts
 14787 | Lair:1   | Found a gate leading to a gauntlet.
 14797 | Gauntlet | Entered a Gauntlet
 14797 | Gauntlet | Found a large runed translucent door.
 14797 | Gauntlet | Found a large runed translucent door.
 14797 | Gauntlet | Found a large runed translucent door.
 14797 | Gauntlet | Found a large runed translucent door.
 14797 | Gauntlet | Found a large runed translucent door.
 14797 | Gauntlet | Found a large runed translucent door.
 14797 | Gauntlet | Found a large runed translucent door.
 14797 | Gauntlet | Found a large runed translucent door.
 14797 | Gauntlet | Found a runed translucent door.
 14797 | Gauntlet | Found a runed translucent gate.
 14797 | Gauntlet | Found a transporter.
 14797 | Gauntlet | Found a transporter.
 14797 | Gauntlet | Found a runed translucent gate.
 14797 | Gauntlet | Found a transporter.
 14798 | Gauntlet | Found a transporter.
 14801 | Gauntlet | Found a transporter.
 14802 | Gauntlet | Found a runed translucent gate.
 14802 | Gauntlet | Found a runed translucent door.
 14806 | Gauntlet | Found a large runed translucent door.
 14806 | Gauntlet | Found a large runed translucent door.
 14806 | Gauntlet | Noticed a dire elephant
 14807 | Gauntlet | Found a large runed translucent door.
 14808 | Gauntlet | Found a large runed translucent door.
 14812 | Gauntlet | Found a transporter.
 14817 | Gauntlet | Found a large runed translucent door.
 14817 | Gauntlet | Found a large runed translucent door.
 14818 | Gauntlet | Found a transporter.
 14820 | Gauntlet | Found a transporter.
 14833 | Gauntlet | Found a transporter.
 14833 | Gauntlet | Found a transporter.
 14855 | Gauntlet | Found a transporter.
 14881 | Gauntlet | Found a transporter.
 14905 | Gauntlet | Found a large runed translucent door.
 14905 | Gauntlet | Found a large runed translucent door.
 15114 | Gauntlet | Killed a dire elephant
 15149 | Gauntlet | Identified the amulet "Epa Visch" {Regen+ Stlth+}
 15214 | Gauntlet | Identified the +1 kite shield of Disaster {Rampage Str+3
                  | Int+2}
 15280 | Gauntlet | Got the Monograph on Transmogrification
 15289 | Gauntlet | Identified the +0 hat of Starshine {Str+3 Slay-5 Stlth+}
 15289 | Gauntlet | Identified the +0 robe "Wouhofargh" {rF+}
 15289 | Gauntlet | Identified the +4 trident "Vocsag" {flame, Will+ Str+8
                  | Int+2 Stlth-}
 15304 | Lair:1   | Found the +2 ratskin cloak {*Rats rPois rN+ Str-1 Int-1
                  | Dex+1}
 15503 | Lair:1   | Reached skill level 10 in Conjurations
 15629 | Lair:1   | Reached skill level 10 in Unarmed Combat
 15917 | Lair:1   | Reached skill level 10 in Short Blades
 15917 | Lair:1   | Reached skill level 10 in Axes
 15917 | Lair:1   | Reached skill level 10 in Maces & Flails
 15917 | Lair:1   | Reached skill level 10 in Polearms
 15917 | Lair:1   | Reached skill level 10 in Staves
 15917 | Lair:1   | Reached skill level 10 in Ranged Weapons
 15917 | Lair:1   | Reached skill level 10 in Throwing
 15917 | Lair:1   | Reached skill level 10 in Armour
 15917 | Lair:1   | Reached skill level 10 in Stealth
 15917 | Lair:1   | Reached skill level 10 in Shields
 15917 | Lair:1   | Reached skill level 10 in Evocations
 16388 | Lair:2   | Found a staircase to the Shoals.
 16666 | Lair:2   | Identified the +0 pair of gloves of the Freezing God {Int+4
                  | SInv}
 16989 | Lair:3   | Acquired 628 gold pieces
 17073 | Lair:3   | Found a dark tunnel.
 17101 | Lair:3   | Reached XP level 15. HP: 118/118 MP: 30/30
 17222 | Lair:3   | Learned a level 2 spell: Passwall
 17263 | Volcano  | Entered a volcano
 17493 | Volcano  | Found a bloodstained altar of Trog.
 18132 | Lair:3   | Found a staircase to the Snake Pit.
 18486 | Lair:4   | Found a staircase to the Slime Pits.
 18487 | Lair:4   | Found a viscous altar of Jiyva.
 19338 | Lair:5   | Entered Level 5 of the Lair of Beasts
 19379 | Lair:5   | Reached skill level 11 in Unarmed Combat
 20416 | Lair:5   | Reached XP level 16. HP: 127/127 MP: 21/32
 21320 | Elf:1    | Entered Level 1 of the Elven Halls
 21351 | Elf:1    | Reached skill level 12 in Unarmed Combat
 22329 | Elf:1    | Reached XP level 17. HP: 133/133 MP: 33/33
 22437 | Elf:2    | Found a white marble altar of Elyvilon.
 22437 | Elf:2    | Found a glowing silver altar of Zin.
 22437 | Elf:2    | Found a glowing golden altar of the Shining One.
 22445 | Elf:2    | Found a crumbling gateway.
 22484 | Desolati | Entered the Desolation of Salt
 22707 | Desolati | Reached skill level 13 in Unarmed Combat
 22910 | Desolati | Identified the ring "Kiaqibam" {rCorr Str+2 Int+3}
 23069 | Desolati | Reached skill level 10 in Hexes
 23069 | Desolati | Reached skill level 10 in Summonings
 23069 | Desolati | Reached skill level 10 in Necromancy
 23069 | Desolati | Reached skill level 10 in Translocations
 23069 | Desolati | Reached skill level 10 in Transmutations
 23069 | Desolati | Reached skill level 10 in Fire Magic
 23069 | Desolati | Reached skill level 10 in Ice Magic
 23069 | Desolati | Reached skill level 10 in Air Magic
 23069 | Desolati | Reached skill level 10 in Earth Magic
 23069 | Desolati | Reached skill level 10 in Poison Magic
 23144 | Desolati | Identified the amulet "Saasaubo" {Spirit -Tele Dex+5}
 23147 | Desolati | Identified the +9 double sword of Ragnarok {freeze, Str+3
                  | Int+3}
 23377 | Desolati | Identified the ring "Pacus" {rF++ Dex+6}
 23411 | Desolati | Reached XP level 18. HP: 135/142 MP: 34/34
 23520 | Desolati | Identified the +8 whip "Cudo" {antimagic, rF+}
 23525 | Desolati | Identified the ring "Vienk" {Fire +Blink Will+}
 23532 | Desolati | Got the Enchiridion on Bombardment
 23643 | Desolati | Identified the staff of air "Diycwufe" {rElec rF+ Int+3}
 23861 | Elf:2    | Reached skill level 14 in Unarmed Combat
 23874 | Elf:2    | Noticed a Hell Sentinel
 24545 | Elf:2    | Found a runed translucent gate.
 24545 | Elf:2    | Found a runed translucent gate.
 24545 | Elf:2    | Found a runed translucent gate.
 24627 | Elf:2    | Found Pogruwun's Armour Shop.
 24631 | Elf:2    | Bought the +4 pair of boots of the End {rPois rF+ Dex+3
                  | Stlth-} for 809 gold pieces
 24762 | Elf:3    | Entered Level 3 of the Elven Halls
 24863 | Elf:3    | Paralysed by an air elemental for 1 turns
 25734 | Elf:3    | Noticed a Hell Sentinel
 25759 | Elf:3    | Noticed a deep elf blademaster
 25768 | Elf:3    | Killed a deep elf blademaster
 25777 | Elf:3    | Reached skill level 15 in Unarmed Combat
 25792 | Elf:3    | Reached XP level 19. HP: 61/150 MP: 24/36
 25916 | Elf:3    | Noticed a Brimstone Fiend
 26044 | Abyss:3  | Cast into level 3 of the Abyss (a deep elf sorcerer)
 26222 | Abyss:4  | Paralysed by you for 4 turns
 26511 | Abyss:4  | Noticed a bone dragon
 26523 | Abyss:4  | Killed a bone dragon
 26527 | Elf:3    | Escaped the Abyss
 26530 | Elf:3    | Noticed a Brimstone Fiend
 26609 | Elf:3    | Identified the ring "Keghutill" {Wiz Int+5 Dex+3}
 26712 | Elf:3    | Identified the staff of conjuration "Gyrphuof" {rPois}
 26730 | Elf:3    | Identified the staff of death "Fagubi" {rC+ rN+}
 26739 | Elf:3    | Identified the staff of death "Evvaakh" {*Slow rN+ Dex+5}
 26743 | Elf:3    | Identified the +4 longbow "Arbiter" {speed, rF+}
 26757 | Elf:3    | Got the Grimoire of Unfortunate Locality
 26765 | Elf:3    | Identified the +2 scale mail of Duck's Teeth {rElec rF+}
 26779 | Elf:3    | Identified the staff of poison "Aqaa" {*Slow Fly rPois
                  | Int+8 SInv}
 26917 | Elf:3    | Learned a level 4 spell: Passage of Golubria
 26923 | Elf:3    | Learned a level 5 spell: Irradiate
 27268 | Snake:1  | Entered Level 1 of the Snake Pit
 27459 | Snake:1  | Identified the +1 leather armour of Lugonu's Wrath {rC+
                  | Regen+ Str+3}
 27482 | Snake:1  | Noticed Rupert
 27486 | Snake:1  | Paralysed by Rupert for 3 turns
 27490 | Snake:1  | Killed Rupert
 27599 | Snake:1  | Reached skill level 16 in Unarmed Combat
 28490 | Snake:2  | You fall into a shaft and drop 1 floor!
 28644 | Snake:3  | Reached XP level 20. HP: 138/159 MP: 28/38
 28957 | Snake:3  | Reached skill level 15 in Long Blades
 29459 | Snake:4  | Entered Level 4 of the Snake Pit
 29820 | Snake:4  | Reached skill level 15 in Invocations
 30032 | Snake:4  | Noticed Vashnia
 30053 | Snake:4  | Killed Vashnia
 30054 | Snake:4  | Reached skill level 17 in Unarmed Combat
 30118 | Snake:4  | Got a serpentine rune of Zot
 30377 | Shoals:1 | Entered Level 1 of the Shoals
 30491 | Shoals:1 | Identified the +2 robe of Ashenzari's Favour {*Slow Int+4
                  | Dex+2 Archmagi}
 30807 | Shoals:1 | Identified Roxanne's Reference Book on the Ground
 30807 | Shoals:1 | Noticed Roxanne
 31155 | Shoals:2 | Noticed Polyphemus
 31171 | Shoals:2 | Killed Polyphemus
 31172 | Shoals:2 | Reached skill level 15 in Maces & Flails
 31248 | Shoals:2 | Identified the +3 spear of Balurch {heavy, *Rage rF+ Will+}
 31347 | Shoals:2 | Reached skill level 15 in Spellcasting
 31360 | Shoals:2 | Found Rorefel's Overcharged Wands.
 31419 | Shoals:2 | Bought a wand of roots (18) for 648 gold pieces
 31935 | Shoals:3 | Reached XP level 21. HP: 167/167 MP: 40/40
 32273 | Shoals:3 | Reached skill level 15 in Fighting
 32273 | Shoals:3 | Reached skill level 15 in Dodging
 32538 | Shoals:4 | Entered Level 4 of the Shoals
 32750 | Shoals:4 | Got a barnacled rune of Zot
 33330 | Shoals:4 | Noticed Ilsuiw
 33349 | Shoals:4 | Killed Ilsuiw
 33587 | Shoals:4 | Reached skill level 18 in Unarmed Combat
 33961 | Depths:1 | Entered Level 1 of the Depths
 34773 | Depths:1 | Found a one-way gate to the infinite horrors of the Abyss.
 34813 | Depths:1 | Found a gateway to Hell.
 34980 | Depths:1 | Noticed a caustic shrike
 34986 | Depths:1 | Killed a caustic shrike
 35280 | Depths:2 | Found Oxon's Assorted Antiques.
 35288 | Depths:2 | Paralysed by something for 2 turns
 35397 | Depths:2 | Bought 2 potions of attraction for 222 gold pieces
 35397 | Depths:2 | Bought a potion of mutation for 296 gold pieces
 35405 | Depths:2 | Reached skill level 15 in Short Blades
 35405 | Depths:2 | Reached skill level 15 in Axes
 35405 | Depths:2 | Reached skill level 15 in Polearms
 35405 | Depths:2 | Reached skill level 15 in Staves
 35405 | Depths:2 | Reached skill level 15 in Ranged Weapons
 35405 | Depths:2 | Reached skill level 15 in Throwing
 35405 | Depths:2 | Reached skill level 15 in Armour
 35405 | Depths:2 | Reached skill level 15 in Stealth
 35405 | Depths:2 | Reached skill level 15 in Shields
 35405 | Depths:2 | Reached skill level 15 in Evocations
 35423 | Depths:2 | Reached XP level 22. HP: 176/176 MP: 41/41
 36071 | Depths:2 | Found a one-way gate leading to the halls of Pandemonium.
 36125 | Depths:2 | Found Iluqekko's Jewellery Boutique.
 36125 | Depths:2 | Found Plog's Book Emporium.
 36126 | Depths:2 | Found Xaileg's Jewellery Boutique.
 36132 | Depths:2 | Bought the ring of Homicwoq {Will++ Dex+3 Slay+4} for 1244
                  | gold pieces
 36326 | Depths:2 | Noticed a golden dragon
 36334 | Depths:2 | Killed a golden dragon
 36379 | Depths:2 | Found a runed translucent door.
 36381 | Depths:2 | Found a runed translucent door.
 36382 | Depths:2 | Found a runed translucent door.
 36519 | Depths:2 | Reached skill level 19 in Unarmed Combat
 36736 | Depths:2 | Identified the staff of cold "Ciry" {rC+ Int+2}
 36736 | Depths:2 | Identified the staff of conjuration "Huudai" {Stlth+}
 36895 | Depths:3 | Found a flickering gateway to a bazaar.
 36903 | Bazaar   | Entered a bazaar
 36903 | Bazaar   | Found Ejed's Antique Armour Emporium.
 36927 | Bazaar   | Found Xetrif's Jewellery Emporium.
 36957 | Bazaar   | Found Rewijouwn's Antique Armour Emporium.
 37098 | Depths:3 | You fall into a shaft and drop 1 floor!
 37098 | Depths:4 | Entered Level 4 of the Depths
 37131 | Depths:4 | Noticed a juggernaut
 37134 | Depths:4 | Noticed a juggernaut
 37139 | Depths:4 | Killed a juggernaut
 37540 | Depths:4 | Found a one-way gateway to a ziggurat.
 37563 | Depths:4 | Killed a juggernaut
 37792 | Depths:4 | Reached XP level 23. HP: 184/184 MP: 41/43
 37841 | Depths:4 | Found a gate to the Realm of Zot.
 38350 | Depths:3 | Noticed a golden dragon
 38366 | Depths:3 | Killed a golden dragon
 38633 | Depths:3 | Found a glowing silver altar of Zin.
 38855 | Vaults:1 | Entered Level 1 of the Vaults
 39014 | Vaults:1 | Noticed Zenata
 39024 | Vaults:1 | Killed Zenata
 39025 | Vaults:1 | Reached skill level 20 in Unarmed Combat
 39093 | Vaults:1 | Noticed Aizul
 39107 | Vaults:1 | Killed Aizul
 40276 | Vaults:2 | Noticed Bai Suzhen
 40301 | Vaults:2 | Killed Bai Suzhen
 40353 | Vaults:2 | Found a magical portal.
 40358 | WizLab   | Entered The Hall of the Hellbinder
 40577 | WizLab   | Gained mutation: Armour fits poorly on your strangely
                  | shaped body. [a cacodemon]
 40711 | WizLab   | Gained mutation: You occasionally lose the ability to drink
                  | potions when taking damage. [a cacodemon]
 40796 | WizLab   | Found a burning altar of Makhleb.
 40820 | WizLab   | Identified the +1 cloak "Ysol" {rF+ Dex+2 Stlth+}
 40854 | WizLab   | Got Mnoleg's Lectures on Mustering
 40863 | WizLab   | Acquired a Necronomicon
 40874 | WizLab   | Learned a level 8 spell: Necromutation
 41232 | Vaults:2 | Reached XP level 24. HP: 169/193 MP: 44/44
 41298 | Vaults:2 | Noticed Saint Roka
 41350 | Vaults:2 | Killed Saint Roka
 41644 | Vaults:2 | Reached skill level 15 in Conjurations
 42245 | Vaults:3 | Noticed Sojobo
 42279 | Vaults:3 | Killed Sojobo
 42384 | Vaults:3 | Reached skill level 21 in Unarmed Combat
 42684 | Vaults:3 | Lost mutation: Armour fits poorly on your strangely shaped
                  | body. [potion of mutation]
 42684 | Vaults:3 | Lost mutation: You occasionally lose the ability to drink
                  | potions when taking damage. [potion of mutation]
 42684 | Vaults:3 | Gained mutation: You are strong-willed. (Will+) [potion of
                  | mutation]
 42684 | Vaults:3 | Gained mutation: A frigid envelope surrounds you and
                  | freezes all who hurt you. [potion of mutation]
 42684 | Vaults:3 | Gained mutation: Your spells are a little harder to cast,
                  | but a little more powerful. [potion of mutation]
 42684 | Vaults:3 | Gained mutation: You are agile. (Dex +4, Str/Int -1)
                  | [potion of mutation]
 43045 | Vaults:3 | Noticed Xtahua
 43055 | Vaults:3 | Killed Xtahua
 43301 | Vaults:3 | Found a staircase to the Crypt.
 43607 | Vaults:4 | Noticed Margery
 43626 | Vaults:4 | Killed Margery
 43685 | Vaults:4 | Found Ylaem's Antique Armour Shoppe.
 44226 | Vaults:4 | Reached XP level 25. HP: 192/202 MP: 44/44
 44376 | Vaults:4 | Learned a level 1 spell: Apportation
 44380 | Vaults:5 | Entered Level 5 of the Vaults
 44492 | Vaults:5 | Acquired the +0 pair of gloves "Gudih" {rPois rC+ rN+
                  | Int+2}
 44512 | Vaults:5 | Noticed an ancient lich
 44531 | Vaults:5 | Killed an ancient lich
 44598 | Vaults:5 | Reached skill level 22 in Unarmed Combat
 45243 | Vaults:5 | Identified the +4 short sword of Embarrassment {heavy,
                  | rPois}
 45318 | Vaults:5 | Noticed an ancient lich
 45327 | Vaults:5 | Killed an ancient lich
 45356 | Vaults:5 | Reached skill level 15 in Hexes
 45356 | Vaults:5 | Reached skill level 15 in Summonings
 45356 | Vaults:5 | Reached skill level 15 in Necromancy
 45356 | Vaults:5 | Reached skill level 15 in Translocations
 45356 | Vaults:5 | Reached skill level 15 in Transmutations
 45356 | Vaults:5 | Reached skill level 15 in Fire Magic
 45356 | Vaults:5 | Reached skill level 15 in Ice Magic
 45356 | Vaults:5 | Reached skill level 15 in Air Magic
 45356 | Vaults:5 | Reached skill level 15 in Earth Magic
 45356 | Vaults:5 | Reached skill level 15 in Poison Magic
 45712 | Vaults:5 | Got a silver rune of Zot
 45761 | Vaults:5 | Identified the scarf "Voeshoijou" {rC+ rF+, -Tele rPois
                  | Str+3}
 45882 | Vaults:5 | Identified the +3 leather armour of Ophomm {rN+ Will+
                  | Slay-6}
 45887 | Vaults:5 | Identified the +3 broad axe of Qiun {freeze, Fragile rElec
                  | Stlth+}
 45942 | Vaults:5 | Identified the amulet of Dofov {Acrobat rElec}
 45947 | Vaults:5 | Identified the +0 pair of gloves of the Gravedigger
                  | {Rampage Fly Str-5}
 46087 | Vaults:5 | Found the dreamshard necklace {*Dream Drain}
 46096 | Vaults:5 | Got the Essays on Unstable Changing
 46192 | Vaults:5 | Noticed an ancient lich
 46205 | Vaults:5 | Killed an ancient lich
 46206 | Vaults:5 | Found Xif Jimm's General Store.
 46441 | Crypt:1  | Entered Level 1 of the Crypt
 46828 | Crypt:1  | Reached XP level 26. HP: 178/211 MP: 37/45
 48134 | Crypt:2  | Noticed Jory
 48154 | Crypt:2  | Killed Jory
 48217 | Crypt:2  | Reached skill level 23 in Unarmed Combat
 48377 | Crypt:3  | Entered Level 3 of the Crypt
 48409 | Crypt:3  | Found a staircase to the Tomb.
 48707 | Crypt:3  | Identified the staff of earth "Waahyc" {Int+2 Stlth+}
 48882 | Crypt:3  | Noticed a dread lich
 48895 | Crypt:3  | Killed a dread lich
 49274 | Crypt:3  | Identified the ring "Xuwui" {rElec EV+5 Str+3}
 49639 | Crypt:3  | Found an ancient bone altar of Kikubaaqudgha.
 49842 | Crypt:3  | Identified the scarf of Valour {+Inv, Fly rPois Regen+}
 49861 | Crypt:3  | Identified the staff of death "Hodex" {rF+ rN+}
 49890 | Crypt:3  | Learned a level 8 spell: Infestation
 49958 | Tomb:1   | Entered Level 1 of the Tomb of the Ancients
 50103 | Tomb:1   | Reached XP level 27. HP: 220/220 MP: 43/46
 50132 | Tomb:1   | Noticed a royal mummy
 50145 | Tomb:1   | Noticed a royal mummy
 50154 | Tomb:1   | Killed a royal mummy
 50199 | Tomb:1   | Killed a royal mummy
 51081 | Tomb:2   | Noticed a royal mummy
 51088 | Tomb:2   | Noticed a royal mummy
 51103 | Tomb:2   | Noticed a royal mummy
 51106 | Tomb:2   | Killed a royal mummy
 51120 | Tomb:2   | Noticed a royal mummy
 51127 | Tomb:2   | Killed a royal mummy
 51139 | Tomb:2   | Killed a royal mummy
 51144 | Tomb:2   | Killed a royal mummy
 51505 | Tomb:1   | Noticed a royal mummy
 51507 | Tomb:1   | Noticed a royal mummy
 51511 | Tomb:1   | Noticed a royal mummy
 51520 | Tomb:1   | Killed a royal mummy
 51521 | Tomb:1   | Noticed a royal mummy
 51527 | Tomb:1   | Killed a royal mummy
 51535 | Tomb:1   | Killed a royal mummy
 51535 | Tomb:1   | Killed a royal mummy
 51536 | Tomb:1   | Reached skill level 24 in Unarmed Combat
 51636 | Tomb:1   | Noticed a royal mummy
 51648 | Tomb:1   | Killed a royal mummy
 51676 | Tomb:1   | Noticed a royal mummy
 51679 | Tomb:1   | Noticed a royal mummy
 51680 | Tomb:1   | Noticed a royal mummy
 51680 | Tomb:1   | Noticed a royal mummy
 51692 | Tomb:1   | Noticed a royal mummy
 51904 | Tomb:1   | Killed a royal mummy
 51906 | Tomb:1   | Killed a royal mummy
 51982 | Tomb:1   | Killed a royal mummy
 52009 | Tomb:1   | Killed a royal mummy
 52040 | Tomb:1   | Noticed a royal mummy
 52049 | Tomb:1   | Noticed a royal mummy
 52067 | Tomb:1   | Noticed a royal mummy
 52077 | Tomb:1   | Killed a royal mummy
 52161 | Tomb:1   | Killed a royal mummy
 52190 | Tomb:1   | Killed a royal mummy
 52197 | Tomb:1   | Noticed a royal mummy
 52208 | Tomb:1   | Killed a royal mummy
 52239 | Tomb:1   | Killed a royal mummy
 52323 | Tomb:1   | Noticed a royal mummy
 52346 | Tomb:1   | Killed a royal mummy
 52891 | Tomb:3   | Entered Level 3 of the Tomb of the Ancients
 52921 | Tomb:3   | Noticed a royal mummy
 52932 | Tomb:3   | Noticed a royal mummy
 52934 | Tomb:3   | Noticed a royal mummy
 52936 | Tomb:3   | Killed a royal mummy
 52936 | Tomb:3   | Noticed a royal mummy
 53110 | Tomb:3   | Noticed a royal mummy
 53158 | Tomb:3   | Noticed a royal mummy
 53160 | Tomb:3   | Noticed a royal mummy
 53172 | Tomb:3   | Killed a royal mummy
 53186 | Tomb:3   | Killed a royal mummy
 53229 | Tomb:3   | Noticed a royal mummy
 53250 | Tomb:3   | Killed a royal mummy
 53269 | Tomb:3   | Killed a royal mummy
 53271 | Tomb:3   | Noticed a royal mummy
 53286 | Tomb:3   | Killed a royal mummy
 53380 | Tomb:3   | Killed a royal mummy
 53470 | Tomb:3   | Killed a royal mummy
 53543 | Tomb:3   | Killed a royal mummy
 53624 | Tomb:3   | Identified the +4 shortbow of Theory {freeze, rF+ rC++}
 53813 | Tomb:3   | Identified the staff of cold "Buafen" {rC+ Int+6}
 53816 | Tomb:3   | Identified the ring "Ruecledgh" {rCorr MP-9 Str-3 Int+2
                  | Dex+9}
 53822 | Tomb:3   | Identified the staff of fire "Sias" {rF+ Str+6}
 53829 | Tomb:3   | Got the Folio of Flame
 53832 | Tomb:3   | Identified the ring "Fiript" {rPois MP+9 Slay+2}
 53834 | Tomb:3   | Got the Guide on Discontinuous Conjury
 53849 | Tomb:3   | Identified the ring of Ipin {Contam rF+ Will+ MP+9}
 53850 | Tomb:3   | Identified the staff of death "Koreshri" {rF++ rN+ MP+9
                  | Int-3 Dex+3}
 53851 | Tomb:3   | Identified the +2 chain mail "Pasog" {Harm Str-5 Dex+8
                  | Stlth-}
 53866 | Tomb:3   | Reached skill level 25 in Unarmed Combat
 53885 | Tomb:3   | Identified the +6 chain mail of Conscience {Int+3}
 53956 | Tomb:3   | Got a golden rune of Zot
 54544 | Zot:1    | Entered Level 1 of the Realm of Zot
 54544 | Zot:1    | Noticed an orb of fire
 54557 | Zot:1    | Killed an orb of fire
 54977 | Zot:1    | Noticed Grunn
 54979 | Zot:1    | Killed Grunn
 55318 | Zot:1    | Identified the staff of poison "Usakotta" {rPois rCorr}
 56152 | Zot:2    | You fall into a shaft and drop 1 floor!
 56215 | Zot:3    | Found a shimmering altar of Xom.
 56218 | Zot:3    | Found a shimmering altar of Xom.
 56232 | Zig:1    | Entered Level 1 of a ziggurat
 56402 | Zig:2    | Entered Level 2 of a ziggurat
 56451 | Zig:3    | Entered Level 3 of a ziggurat
 56480 | Zig:4    | Entered Level 4 of a ziggurat
 56509 | Zig:4    | Identified the +1 robe of Nidoxic {Will+ Regen+ Slay-5}
 56515 | Zig:4    | Identified the ring "Amaoqiot" {Ice +Blink rCorr Str-4
                  | SInv}
 56525 | Zig:5    | Entered Level 5 of a ziggurat
 56530 | Zig:5    | Noticed a juggernaut
 56541 | Zig:5    | Killed a juggernaut
 56568 | Zig:5    | Learned a level 2 spell: Blink
 56578 | Zig:5    | Learned a level 9 spell: Fire Storm
 56580 | Zig:6    | Entered Level 6 of a ziggurat
 56663 | Zig:6    | Got the Spellbook of the Mosquito
 56666 | Zig:7    | Entered Level 7 of a ziggurat
 56681 | Zig:7    | Noticed Daha the pandemonium lord
 56702 | Zig:7    | Killed Daha the pandemonium lord
 56761 | Zig:7    | Identified the amulet "Xipref" {RegenMP Rampage Will+
                  | Stlth+}
 56779 | Zig:7    | Identified the +7 short sword of Tirphis {antimagic,
                  | Fragile +Blink Str+6}
 56847 | Zig:8    | Entered Level 8 of a ziggurat
 56874 | Zig:8    | Identified the +6 scimitar of Trog {flame, Str+4}
 56876 | Zig:8    | Got the Directory of the Foggy Cemetery
 56885 | Zig:9    | Entered Level 9 of a ziggurat
 57190 | Zig:10   | Entered Level 10 of a ziggurat
 57374 | Zig:10   | Identified the +1 battleaxe "Iluelen" {chaos, Str+2 Int+2}
 57397 | Zig:11   | Entered Level 11 of a ziggurat
 57448 | Zig:11   | Identified the ring of Xystrato {rC+ Str+2}
 57451 | Zig:11   | Identified the +2 leather armour of the Thoughtful Mice
                  | {rF- rN++ Dex+2}
 57457 | Zig:11   | Identified the +7 arbalest of Paesy {antimagic, rF+ rCorr
                  | Str+2 Stlth-}
 57467 | Zig:12   | Entered Level 12 of a ziggurat
 57551 | Zig:12   | Identified the staff of poison "Covok" {rPois rC++ Will+
                  | Str+3 Stlth-}
 57564 | Zig:12   | Identified the +4 plate armour of the Ant {rF++ Regen+
                  | Dex+2 SInv}
 57572 | Zig:13   | Entered Level 13 of a ziggurat
 57655 | Zig:13   | Found the +8 mithril axe "Arga" {speed, Will+}
 57663 | Zig:13   | Got Ocki's Codex of Azure Hexes
 57678 | Zig:13   | Identified the staff of earth "Liopiuwa" {Fragile rF+ Int+3
                  | Dex+3}
 57697 | Zig:13   | Learned a level 9 spell: Polar Vortex
 57702 | Zig:13   | Identified the staff of air "Ygatew" {rElec rPois rC+}
 57772 | Zig:14   | Entered Level 14 of a ziggurat
 57789 | Zig:14   | Paralysed by a wendigo for 1 turns
 57817 | Zig:14   | Found the +10 zealot's sword {holy, Zealotry, *Rage rN+
                  | EV+3}
 57842 | Zig:14   | Identified the ring of Gurgha {rPois Str-5 Int+4 SInv
                  | Stlth+}
 57850 | Zig:14   | Identified the +8 morningstar of the Establishment {venom,
                  | rElec Dex+3}
 57851 | Zig:14   | Identified the +6 sling of Disarray {drain, +Blink Str+5
                  | SInv}
 57855 | Zig:14   | Identified the +0 chain mail of the Slorg {rPois rCorr
                  | Int-2 Slay+2}
 57858 | Zig:15   | Entered Level 15 of a ziggurat
 57931 | Zig:15   | Identified the ring of Jinneuf {Ice Will+}
 57955 | Zig:16   | Entered Level 16 of a ziggurat
 57984 | Zig:16   | Reached skill level 26 in Unarmed Combat
 58066 | Zig:16   | Identified the staff of conjuration "Rumivoy" {rPois Dex+3}
 58068 | Zig:16   | Identified the +2 robe "Gegisou" {Will+ Int+7 Dex-4}
 58077 | Zig:16   | Identified the +0 cloak of Zeufoz {rPois rC+}
 58085 | Zig:17   | Entered Level 17 of a ziggurat
 58101 | Zig:17   | Noticed Qoxkacudgh the pandemonium lord
 58108 | Zig:17   | Killed from afar by a Hell Sentinel

Illustrated notes

Levels and vault maps discovered:
D:1:      dpeg_arrival_long_road, layout_loops_corners,
          chequers_serial_rivers_micro_b, serial_park_tiny_1,
          dreamdust_wishing_well
D:2:      layout_loops_ring, basic_altar, minivault_25, st_stairs_7
D:3:      layout_basic, lemuel_doored_altar, okawaru_altar_gauntlet_db,
          lemuel_crystal_altar, hellmonk_ecumenical_altar_run_dry,
          serial_rivers, chequers_serial_rivers_large_a,
          chequers_serial_rivers_micro_c, chequers_serial_rivers_micro_a,
          chequers_serial_rivers_micro_e, chequers_serial_rivers_small_a
D:4:      layout_basic, vehumet_statue, beargit_hepliaklqana_dungeon_heroes,
          minmay_temple_entry_junction, kennysheep_nondescript
D:5:      layout_basic, makhleb_heckhound_becter, serial_shops, shop,
          nicolae_shop_window_shopping, nicolae_shop_real_fake_doors
D:6:      layout_basic, lemuel_round_altar, xom_teletrap_fun,
          nicolae_inconvenience_store, dreamdust_mushroom_princess,
          grunt_decor_clamped
D:7:      layout_basic, kennysheep_mini_moat, mainiacjoe_overflow_alcove_4,
          reono_crystal_passage
D:8:      layout_basic, serial_shops, shop_statue, gammafunk_ghost_grave
D:9:      layout_gridville, nicolae_qazlal_eye_of_the_storm, serial_shops, shop,
          shop_fountains, uniq_prince_ribbit1
D:10:     layout_roguey, nemelex_xobeh_ov_fountains_minmay,
          gammafunk_temple_overflow_pools, lair_entry_dummy, serial_shops,
          shop_coins, abandoned_shop
D:11:     layout_irregular_city, gammafunk_ghost_hive, uniq_erica
D:12:     layout_roguey, erik_orc_4, gammafunk_ghost_split
D:13:     layout_rooms, david_vaults_2, uniq_azrael
D:14:     layout_cave_pools, nrook_pool_corridor
D:15:     grunt_enter_depths_snipers, layout_basic, serial_shops, shop,
          hangedman_decor_slide_cut, uniq_josephine
Temple:   hellmonk_temple_two_chambers
Lair:1:   layout_gridlike, gauntlet_entry_generic
Lair:2:   layout_layer_cave, minmay_shoals_entry_hut
Lair:3:   layout_cave_pods, minmay_snake_entry_spellcaster,
          nicolae_volcano_entry_s_turn
Lair:4:   layout_loops_ring, nicolae_slime_entry_slimehenge, kennysheep_rathole
Lair:5:   evilmike_catoblepas_cave, layout_gridlike, st_stairs_8,
          nicolae_quartered_pool_little, hangedman_lair_unloving_vines,
          kilobyte_rumbling_trees
Shoals:1: layout_shoals, uniq_roxanne
Shoals:2: layout_shoals, nicolae_shop_overcharged_wands, uniq_polyphemus
Shoals:3: layout_shoals, st_cyclops
Shoals:4: shoals_end_hangedman, layout_shoals, shoal_ilsuiw,
          nicolae_shoals_circle_sea_wall
Snake:1:  layout_basic, lemuel_fruit_tree, uniq_rupert
Snake:2:  layout_layer_cave, guppyfry_library_mini, grunt_megastairs_3,
          serial_bayou_shore_a
Snake:3:  layout_misc_corridors
Snake:4:  grunt_snake_rune_serpentine_throne, layout_onion_interference,
          serial_shops, shop
Orc:1:    layout_caves, nicolae_orc_crystal_geode
Orc:2:    st_orc_open, layout_diamond_mine, uniq_jorgrun
Elf:1:    eino_elf_arrival_customs, layout_loops_corners,
          hangedman_elf_represent
Elf:2:    nicolae_elf_blades_splatter_lattice [mumra_blade_entry_dagger],
          layout_loops_cross, portal_desolation_entry_holy_temple, serial_shops,
          nicolae_shop_back_alley_shop, uniq_nikola
Elf:3:    minmay_elf_hall_hex, layout_gridlike, nicolae_elf_v_pinch,
          grunt_ministairs_14, nicolae_elf_big_sculpture_1,
          nicolae_elf_big_sculpture_3, roderic_three_in_a_row,
          dk_noncrumbling_2, glass_columns_a, st_stairs_10
Vaults:1: nicolae_vaults_mitosis, ontoclasm_vaults_bender,
          nicolae_vaults_surprise_closet_hard, hangedman_vaults_nodes,
          nicolae_vaults_little_squares_6, v_rooms_5,
          vaults_room_grunt_arrival_ludios, nicolae_vaults_house_2,
          nicolae_vaults_diamond_1, layout_vaults_chaotic_city, uniq_zenata,
          uniq_aizul
Vaults:2: mu_enter_wizlab_1, v_misc_3, nicolae_vaults_closet_pinwheel_6,
          ontoclasm_vaults_decontamination, v_misc_27,
          nicolae_vaults_shelves_hall, nicolae_vaults_gold_heap,
          nicolae_vaults_swerve, nicolae_vaults_ring_of_whatevers, v_misc_23,
          layout_vaults_ring, uniq_saint_roka, uniq_bai_suzhen
Vaults:3: minmay_crypt_entry_nasty_monster, nicolae_vaults_know_your_exits,
          nicolae_vaults_network_barrier, nicolae_vaults_trapezoid_2, v_misc_3,
          nicolae_vaults_trapezoid_lopsided_3, nicolae_vaults_what_the_h,
          nicolae_vaults_apartment_2, v_rooms_3, vaults_room_door_ring,
          v_misc_10, nicolae_vaults_double_plus_1, nicolae_vaults_apartment_2,
          layout_vaults_omnicross, uniq_sojobo, uniq_xtahua
Vaults:4: vaults_dpeg_doors, hangedman_vaults_river_flow,
          nicolae_vaults_more_shelving_2, nicolae_vaults_six-pack,
          nicolae_vaults_storage_room_water, nicolae_vaults_network_s, v_misc_9,
          hangedman_vaults_nails, nicolae_vaults_circle_grid_b,
          nicolae_vaults_diagonal_hallway_8, vaults_room_hallway, v_misc_8,
          hangedman_vaults_stretched_pinwheel, layout_vaults_omnibox,
          serial_shops, nicolae_shop_trees, uniq_margery
Vaults:5
Crypt:1:  layout_gridlike, grunt_crypt_arrival_guarded_gate, grunt_megastairs_1
Crypt:2:  layout_rooms, grunt_megastairs_5, uniq_jory
Crypt:3:  due_elkab, layout_chaotic_city, lemuel_mausoleum_altar_kikubaaqudgha
Tomb:1
Tomb:2
Tomb:3
Depths:1: layout_honeycomb, abyss_entry, hell_entry,
          chequers_serial_rivers_micro_e, minmay_misc_feat_encased,
          minmay_hollow_rounded_squares
Depths:2: minmay_the_grid_triangle_9x9_recursive_3
          [minmay_the_grid_triangle_9x9_pentomino_pain,
          minmay_the_grid_triangle_9x9_corruption,
          minmay_the_grid_triangle_9x9_checkered,
          minmay_the_grid_triangle_9x9_prize_top_heavy,
          minmay_the_grid_triangle_9x9_flanged_cone,
          minmay_the_grid_triangle_9x9_fully_insulated_deathbox,
          minmay_the_grid_triangle_9x9_zippers_vertical,
          minmay_the_grid_triangle_9x9_impossible_snake,
          minmay_the_grid_triangle_9x9_wacky_v], layout_twisted_cross,
          serial_shops, shop, roderic_serpentine_path, hangedman_geh_valley,
          pan_entry, minmay_shop_grove, infiniplex_staircase_zigzag_4,
          serial_bayou_shore_b
Depths:3: nicolae_cairo_tiling_large_dashed, layout_long_grid, abyss_entry,
          hell_entry, rand_demon_pan_entry_8, infiniplex_staircase_pool_2,
          serial_shops, freezing_bzr, zin_statuary
Depths:4: grunt_zot_entry_bicorn, layout_cave_pools, enter_ziggurat_f,
          hangedman_coc_ice_floe, minmay_stone_trees_small, grunt_ministairs_4,
          lightli_corner_chamber, serial_bayou_shore_b
Zot:1:    layout_onion, kennysheep_underground_church, grunt_megastairs_2,
          uniq_grunn
Zot:2:    layout_twisted_circle
Zot:3:    dreamdust_zin_vs_xom, layout_cellular_growth, grunt_megastairs_4
Zig:17

Skill      XL: |  1  2  3  4  5  6  7  8  9 10 11 12 13 14 15 16 17 18 19 20 21 22 23 24 25 26 27 |
---------------+----------------------------------------------------------------------------------+-----
Spellcasting   | 5 6 7 8 9 10 11 12 13 14 15 16 17 18 19 21 | 21.4
Invocations    | 1 2 3 4 5 6 7 8 10 11 12 13 14 15 16 17 18 19 22 | 22.6
Short Blades   | 1 2 3 4 5 6 7 8 9 10 11 12 13 14 15 16 17 18 20 | 20.9
Axes           | 1 2 3 4 5 6 7 8 9 10 11 12 13 14 15 16 17 18 20 | 20.9
Maces & Flails | 1 2 3 4 5 6 7 8 9 10 11 12 13 15 16 17 18 20 21 22 25 | 25.9
Polearms       | 1 2 3 4 5 6 7 8 9 10 11 12 13 14 15 16 17 18 19 23 | 23.8
Staves         | 1 2 3 4 5 6 7 8 9 10 11 12 13 14 15 16 17 18 20 | 20.9
Ranged Weapons | 1 2 3 4 5 6 7 8 9 10 11 12 13 14 15 16 17 18 20 | 20.9
Throwing       | 1 2 3 4 5 6 7 8 9 10 11 12 13 14 15 16 17 18 20 | 20.9
Armour         | 1 2 3 4 5 6 7 8 9 10 11 12 13 14 15 16 17 19 23 | 23.6
Stealth        | 1 2 3 4 5 6 7 8 9 10 11 12 13 14 15 16 17 18 23 | 23.1
Shields        | 1 2 3 4 5 6 7 8 9 10 11 12 13 14 15 16 17 18 20 | 20.9
Unarmed Combat | 1 2 3 4 5 6 7 8 9 10 11 12 13 15 16 17 18 19 20 21 22 23 26 | 26.1
Evocations     | 1 2 3 4 5 6 7 8 9 10 11 12 13 14 15 16 17 18 20 | 20.9
Hexes          | 1 2 3 4 5 6 7 8 9 10 11 12 13 14 15 17 | 17.9
Summonings     | 1 2 3 4 5 6 7 8 9 10 11 12 13 14 15 17 | 17.9
Necromancy     | 1 2 3 4 5 6 7 8 9 10 11 12 13 14 15 17 | 17.9
Translocations | 1 2 3 4 5 6 7 8 9 10 11 12 13 14 15 18 | 18.6
Transmutations | 1 2 3 4 5 6 7 8 9 10 11 12 13 14 15 17 | 17.9
Fire Magic     | 1 2 3 4 5 6 7 8 9 10 11 12 13 14 15 17 | 17.9
Ice Magic      | 1 2 3 4 5 6 7 8 9 10 11 12 13 14 15 17 | 17.9
Air Magic      | 1 2 3 4 5 6 7 8 9 10 11 12 13 14 15 17 | 17.9
Earth Magic    | 1 2 3 4 5 6 7 8 9 10 11 12 13 14 15 17 | 17.9
Poison Magic   | 1 2 3 4 5 6 7 8 9 10 11 12 13 14 15 17 | 17.9
Fighting       | 5 6 7 8 9 10 11 12 13 14 15 16 17 18 21 | 21.3
Dodging        | 5 6 7 8 9 10 11 12 13 14 15 16 17 18 21 | 21.3
Long Blades    | 7 8 9 10 11 12 13 14 15 16 17 18 19 21 | 21.7
Conjurations   | 6 7 8 9 10 11 12 13 14 15 16 18 | 18.6

Action                     |  1- 3 |  4- 6 |  7- 9 | 10-12 | 13-15 | 16-18 | 19-21 | 22-24 | 25-27 || total
---------------------------+-------+-------+-------+-------+-------+-------+-------+-------+-------++-------
  Melee: Falchion          |   107 |    93 |       |       |       |       |       |       |       ||   200
         Bite              |     7 |    18 |    29 |    34 |   293 |   235 |   267 |   328 |   660 ||  1871
         Punch             |     1 |     1 |     8 |    15 |       |       |       |       |       ||    25
         Whip              |       |    64 |       |       |       |       |       |       |       ||    64
         Quarterstaff      |       |    16 |   117 |       |       |       |       |       |       ||   133
         Scimitar          |       |       |   116 |   253 |   119 |       |       |       |       ||   488
         Quick blade       |       |       |       |       |  1437 |  1222 |   289 |       |       ||  2948
         Double sword      |       |       |       |       |       |     1 |  1147 |  1618 |  2020 ||  4786
         Unarmed           |       |       |       |       |       |       |       |       |   817 ||   817
   Cast: Vampiric Draining |       |     1 |       |       |       |       |       |       |       ||     1
         Freezing Cloud    |       |       |     1 |    42 |    25 |    34 |    32 |     6 |     6 ||   146
         Statue Form       |       |       |       |     1 |    15 |    23 |    31 |    20 |       ||    90
         Passwall          |       |       |       |       |     3 |     3 |       |       |       ||     6
         Irradiate         |       |       |       |       |       |       |    10 |    23 |    69 ||   102
         Necromutation     |       |       |       |       |       |       |       |     8 |    92 ||   100
         Infestation       |       |       |       |       |       |       |       |       |    17 ||    17
         Fire Storm        |       |       |       |       |       |       |       |       |     5 ||     5
         Blink             |       |       |       |       |       |       |       |       |     3 ||     3
         Polar Vortex      |       |       |       |       |       |       |       |       |     1 ||     1
 Invoke: Slouch            |       |       |       |     5 |       |     5 |     2 |     1 |     5 ||    18
         Step From Time    |       |       |       |       |       |     1 |     3 |     1 |       ||     5
         Temporal Distorti |       |       |       |       |       |       |       |     2 |     6 ||     8
Ability: End Transformatio |       |       |       |       |     1 |       |       |       |     2 ||     3
  Evoke: Wand              |       |       |     5 |       |     1 |     3 |     3 |     2 |     8 ||    22
         Box of beasts     |       |       |       |       |       |       |     1 |       |       ||     1
         Condenser vane    |       |       |       |       |       |       |     1 |       |     3 ||     4
         Lightning rod     |       |       |       |       |       |       |       |       |     3 ||     3
         Figurine of a zig |       |       |       |       |       |       |       |       |     1 ||     1
    Use: Scroll            |     2 |     8 |     7 |     6 |    16 |     5 |     2 |    12 |    18 ||    76
         Potion            |       |     1 |     1 |     1 |     1 |     7 |       |     3 |     4 ||    18
   Stab: Sleeping          |     1 |     7 |     2 |     6 |    27 |    21 |    26 |    28 |    22 ||   140
         Distracted        |       |       |       |     1 |     4 |     5 |     5 |     4 |    19 ||    38
         Petrified         |       |       |       |       |     1 |       |       |       |     6 ||     7
         Invisible         |       |       |       |       |       |     2 |     1 |       |     3 ||     6
         Petrifying        |       |       |       |       |       |       |       |       |     2 ||     2
 Armour: Leather armour    |    37 |    30 |    30 |       |       |       |       |       |       ||    97
         Ring mail         |       |       |    72 |   127 |    75 |       |       |       |       ||   274
         Skin              |       |       |       |    50 |   108 |   303 |   290 |   176 |       ||   927
         Troll leather arm |       |       |       |       |    72 |    59 |   126 |   175 |   823 ||  1255
  Dodge: Dodged            |    69 |   132 |   260 |   287 |   829 |   929 |  1881 |  1689 |  4590 || 10666
  Block: Buckler           |       |       |       |    42 |   425 |   449 |   419 |       |       ||  1335
         Kite shield       |       |       |       |       |       |       |   816 |  1685 |  3972 ||  6473

Table legend: (Time is in decaauts)
 A = Elapsed time spent in this place.
 B = Non-inter-level travel time spent in this place.
 C = Inter-level travel time spent in this place.
 D = Time resting spent in this place.
 E = Time spent auto-exploring this place.
 F = Levels seen in this place.
 G = Mean time per level.
                   A        B        C        D        E       F      G
               +--------+--------+--------+--------+--------+-----+--------+
         Total |  91016 |  82610 |   8406 |    918 |  60782 |  76 | 1197.6 |
       Dungeon |  20021 |  17835 |   2186 |    184 |  14832 |  15 | 1334.7 |
        Temple |     17 |     10 |      7 |      0 |      0 |   1 |   17.0 |
          Lair |   9566 |   8385 |   1181 |      2 |   7102 |   5 | 1913.2 |
        Shoals |   5738 |   5406 |    332 |      0 |   3897 |   4 | 1434.5 |
     Snake Pit |   5633 |   5241 |    392 |      0 |   4083 |   4 | 1408.2 |
  Orcish Mines |   2148 |   1734 |    414 |     19 |   1409 |   2 | 1074.0 |
   Elven Halls |   6518 |   6114 |    404 |     33 |   4439 |   3 | 2172.7 |
        Vaults |  11672 |  10912 |    760 |      0 |   8432 |   5 | 2334.4 |
         Crypt |   5524 |   4906 |    618 |      0 |   3291 |   3 | 1841.3 |
          Tomb |   6254 |   5187 |   1067 |    209 |   3398 |   3 | 2084.7 |
        Depths |   8920 |   7988 |    932 |      0 |   6204 |   4 | 2230.0 |
           Zot |   1980 |   1872 |    108 |      0 |   1411 |   3 |  660.0 |
         Abyss |    629 |    629 |      0 |     37 |     41 |   2 |  314.5 |
      Ziggurat |   2173 |   2173 |      0 |    409 |    332 |  17 |  127.8 |
        Bazaar |    117 |    117 |      0 |      0 |    102 |   1 |  117.0 |
       Volcano |    758 |    758 |      0 |      0 |    234 |   1 |  758.0 |
        Wizlab |    898 |    898 |      0 |      0 |    455 |   1 |  898.0 |
    Desolation |   1585 |   1585 |      0 |      0 |    710 |   1 | 1585.0 |
      Gauntlet |    857 |    857 |      0 |     24 |    405 |   1 |  857.0 |
               +--------+--------+--------+--------+--------+-----+--------+

Top non-repeatable levels by time:
  Tomb:1: 3389 daAuts
Vaults:5: 3200 daAuts
Depths:2: 2836 daAuts
    D:15: 2800 daAuts
   Elf:3: 2732 daAuts
  Lair:5: 2571 daAuts
Depths:1: 2567 daAuts
 Crypt:3: 2485 daAuts
Vaults:1: 2292 daAuts
Vaults:3: 2281 daAuts
Vaults:2: 2272 daAuts
Depths:4: 2139 daAuts
  Lair:3: 2035 daAuts
   Elf:1: 1985 daAuts
 Snake:2: 1922 daAuts
